AoeStats
← 重案组之虎

Black Forest

507765267Analyzed
4v4 RM · 13d ago on Sep 19, 2026· 45m 30s· 8 players
Game mode
Random Map
Map size
Large (8 player)
Population
200
Speed
Normal
Resources
Standard
Victory
Conquest
Starting age
Dark Age
Ending age
Imperial Age
RankedLock teamsTeams togetherTeam positionsShared explorationLock speedFull tech treeHidden civsTurbo modeCheats
Victory
Defeat
🇨🇳 Khitans · China
1009
+14
🇨🇳 Spanish · China
1008
+14
🇨🇳 Portuguese · China
956
+15
🇨🇳 Vikings · China
911
+17
🇹🇷 Bulgarians · Türkiye
960
-15
🇦🇷 Byzantines · Argentina
959
-15
🇹🇷 Goths · Türkiye
952
-15
🇭🇺 Italians · Hungary
943
-15
Crimson_Tide
12:54 Feudal Age
11:49 Loom
15:01 Wheelbarrow
14:17 Double-Bit Axe
18:55 Castle Age
17:34 Stone Mining
20:12 Hand Cart
26:06 Horse Collar
27:01 Gold Mining
32:10 Imperial Age
31:04 Scale Mail Armor
31:17 Forging
31:21 Squires
32:34 Anarchy
33:19 Ballistics
34:00 Chemistry
33:20 Chain Mail Armor
33:40 Iron Casting
36:22 Conscription
36:38 Murder Holes
38:05 Town Watch
Terminor
0:28 Loom
13:02 Feudal Age
13:24 Horse Collar
13:41 Double-Bit Axe
14:39 Stone Mining
20:28 Castle Age
21:34 Bow Saw
21:25 Heavy Plow
28:38 Gold Mining
33:27 Imperial Age
31:33 Wheelbarrow
31:32 Fletching
31:42 Padded Archer Armor
32:18 Ballistics
31:55 Murder Holes
32:10 Masonry
32:00 Bodkin Arrow
33:23 Hand Cart
33:53 Leather Archer Armor
34:34 Stone Shaft Mining
33:47 Town Watch
35:09 Chemistry
35:02 Conscription
35:56 Two-Man Saw
35:04 Caravan
36:29 Bracer
37:37 Silk Road
39:12 Thumb Ring
39:22 Elite Genoese Crossbowman
42:45 Ring Archer Armor
Dostoyevski
0:55 Loom
12:12 Feudal Age
15:28 Wheelbarrow
14:43 Double-Bit Axe
15:54 Arson
26:07 Castle Age
24:24 Fletching
28:46 Hand Cart
利捷巴罗
咸鱼王
13:59 Feudal Age
14:35 Horse Collar
14:42 Double-Bit Axe
17:40 Castle Age
17:57 Man-at-Arms
18:55 Long Swordsman
29:38 Gold Mining
29:38 Stone Mining
34:34 Imperial Age
31:50 Town Watch
31:51 Loom
33:29 Gold Shaft Mining
33:24 Bow Saw
33:17 Heavy Plow
34:08 Gambesons
34:24 Squires
34:10 Arson
34:58 Forging
34:48 Scale Mail Armor
35:36 Town Patrol
38:18 Crop Rotation
38:52 Two-Man Saw
39:05 Iron Casting
38:46 Chain Mail Armor
38:37 Caravan
38:05 Two-Handed Swordsman
38:19 Elite Berserk
39:08 Chieftains
39:10 Bogsveigar
39:38 Conscription
39:32 Capped Ram
41:59 Blast Furnace
41:29 Plate Mail Armor
42:08 Siege Ram
重案组之虎
5:01 Loom
13:30 Feudal Age
18:14 Castle Age
16:21 Double-Bit Axe
16:17 Horse Collar
16:30 Gold Mining
16:30 Stone Mining
16:42 Stone Mining
20:56 Bow Saw
23:03 Heavy Plow
29:25 Bloodlines
29:16 Husbandry
38:10 Imperial Age
38:41 Wheelbarrow
39:37 Conscription
41:21 Scale Barding Armor
44:31 Hand Cart
44:14 Cavalier
Mita Lover
0:29 Loom
15:19 Feudal Age
26:28 Castle Age
25:05 Double-Bit Axe
26:11 Horse Collar
30:47 Heavy Plow
34:40 Wheelbarrow
35:17 Bow Saw
37:11 Hand Cart
42:13 Imperial Age
41:59 Bloodlines
42:43 Gold Mining
42:43 Stone Mining
45:47 Conscription
46:23 Conscription
Oliver
1:39 Loom
11:29 Feudal Age
11:55 Double-Bit Axe
12:00 Domestication
17:20 Forging
19:38 Castle Age
18:15 Scale Barding Armor
18:44 Gold Mining
20:28 Bow Saw
20:35 Husbandry
21:15 Iron Casting
21:03 Pastoralism
28:30 Stone Mining
29:33 Chain Barding Armor
29:59 Stone Shaft Mining
34:18 Imperial Age
32:27 Wheelbarrow
31:42 Town Watch
31:43 Treadmill Crane
32:15 Masonry
34:01 Hand Cart
37:10 Two-Man Saw
38:51 Chemistry
37:33 Elite Steppe Lancer
38:53 Plate Barding Armor
38:40 Ballistics
38:26 Siege Engineers
43:50 Caravan
44:23 Town Patrol
44:40 Murder Holes
45:11 Conscription
Connection lost

Rejoining the realm…

Still unreachable

The connection could not be restored.

Session expired

The server has moved on; the page needs a fresh start.